 Dungeon Crawl Stone Soup version 0.27-a0-362-g8331d791d5 (webtiles) character file.

Game seed: 5371339921288567068

362 simvig the Chopper (level 6, -2/56 HPs)
             Began as a Minotaur Monk on Feb 16, 2021.
             Slain by an orc wizard
             ... wielding a +0 dagger
              (5 damage)
             ... on level 3 of the Dungeon.
             The game lasted 00:05:12 (3008 turns).

simvig the Chopper (Minotaur Monk)                  Turns: 3008, Time: 00:05:13

Health: -2/56      AC:  5    Str: 17    XL:     6   Next: 39%
Magic:  5/5        EV: 12    Int:  7    God:
Gold:   188        SH:  0    Dex: 13    Spells: 5/5 levels left

rFire    . . .     SeeInvis .   a - +0 hand axe
rCold    . . .     Faith    .   (no shield)
rNeg     . . .     Spirit   .   r - +0 ring mail
rPois    .         Reflect  .   (helmet restricted)
rElec    .         Harm     .   (no cloak)
rCorr    .         Rampage  .   (no gloves)
Will     .....                  (no boots)
Stlth    ..........             (no amulet)
HPRegen  0.18/turn              d - ring of flight
MPRegen  0.09/turn              (no ring)

@: confused, lethally poisoned (-2 -> -3)
A: retaliatory headbutt, horns 2
a: Evoke Flight


You were on level 3 of the Dungeon.
You visited 1 branch of the dungeon, and saw 3 of its levels.

You collected 188 gold pieces.

Inventory:

Hand Weapons
 a - a +0 hand axe (weapon)
Armour
 r - a +0 ring mail (worn)
Jewellery
 d - a ring of flight (left hand)
Scrolls
 c - a scroll of amnesia {unknown}
 e - a scroll of identify {unknown}
 f - 3 scrolls of magic mapping {unknown}
 h - a scroll of enchant weapon {unknown}
 i - 2 scrolls of teleportation {unknown}
 k - a scroll of random uselessness {unknown}
 n - a scroll of enchant armour {unknown}
 p - a scroll of noise {unknown}
Potions
 b - 2 potions of curing {unknown}
 j - a potion of heal wounds {unknown}
 l - 2 potions of might {unknown}
 m - 3 potions of cancellation {unknown}
 o - a potion of lignification {unknown}
 q - a potion of degeneration {unknown}


   Skills:
 + Level 5.3 Fighting
 * Level 6.7 Axes
 + Level 3.6 Armour
 - Level 3.2 Dodging
 - Level 1.5 Stealth


You had 5 spell levels left.
You didn't know any spells.
Your spell library was empty.

Dungeon Overview and Level Annotations

Branches:
Dungeon (3/15)

Altars:


Innate Abilities, Weirdness & Mutations

You reflexively headbutt those who attack you in melee.
You have a pair of horns on your head.


Message History

You hear some strange, mumbled words.
A puff of flame appears from out of thin air!
The puff of flame misses you. Something barely misses you.
You barely miss something. You headbutt something. You barely miss something.
Something hits you but does no damage. Something hits you.
You barely miss something. x2; Something hits you but does no damage.
You hear some strange, mumbled words.
Something tries to affect you, but you resist.
You miss something. You hit something but do no damage.
You feel sick. Something hits you but does no damage. Something hits you.
You miss something. You hit something.
You hear some strange, mumbled words.
You are confused.
Something hits you but does no damage.
You hear some strange, mumbled words.
A puff of flame appears from out of thin air!
The puff of flame hits you!
* * * LOW HITPOINT WARNING * * *
Something hits you but does no damage.
You're too confused to move!
Something hits you but does no damage. Something hits you.
* * * LOW HITPOINT WARNING * * *
You feel sick. Something barely misses you.
You hear some strange, mumbled words.
You are more confused.
Things that are here:
a +0 trident; an orc corpse You miss something.
You closely miss something. Something hits you.
* * * LOW HITPOINT WARNING * * *
Something hits you.
* * * LOW HITPOINT WARNING * * *
Something hits you but does no damage. x2
You hit something. You closely miss something.
Something hits you but does no damage. Something hits you.
* * * LOW HITPOINT WARNING * * *
You completely miss something. Your headbutt misses something.
You completely miss something.
You feel sick. Something hits you.
* * * LOW HITPOINT WARNING * * *
Something hits you.
You die...

### ### ## # #.# #..
...# ... #.. .#. #.#
..#.. # # #.# #
...#.###. # #.#
#.#........ ####.####
#.#@##.# ....(...#
#.{){..# ####.##.#
###)#### # #.##.#
##...## # #..##.#
##.....## ###.##..#
##.......##
........####....)....#
...........'..†...>..+
###.#...####.........#


There were no monsters in sight!

Vanquished Creatures
  2 jellies (D:2)
  A bullfrog skeleton (D:3)
  2 orc wizards (D:3)
  Natasha (D:3)
  Robin (D:3)
  6 adders
  7 oozes (D:2)
  A worm (D:2)
  2 dart slugs (D:1)
  3 leopard geckos
  6 orcs (D:3)
  2 giant cockroaches
  15 goblins
  8 hobgoblins
  9 jackals
  2 ball pythons
  4 bats
  5 frilled lizards
  15 kobolds
  6 rats
98 creatures vanquished.

Vanquished Creatures (others)
  2 fungi (D:2)
  10 toadstools (D:2)
12 creatures vanquished.

Grand Total: 110 creatures vanquished

Notes
Turn   | Place    | Note
-------+----------+-------------------------------------------
     0 | D:1      | simvig the Minotaur Monk began the quest for the Orb.
     0 | D:1      | Reached XP level 1. HP: 19/19 MP: 0/0
   132 | D:1      | Reached skill level 4 in Axes
   161 | D:1      | Reached XP level 2. HP: 27/27 MP: 1/1
   213 | D:1      | Reached skill level 1 in Armour
   706 | D:1      | Reached XP level 3. HP: 27/33 MP: 2/2
  1430 | D:2      | Reached XP level 4. HP: 37/41 MP: 3/3
  1456 | D:2      | Reached skill level 5 in Axes
  1886 | D:2      | Reached XP level 5. HP: 43/47 MP: 4/4
  2310 | D:3      | Reached skill level 6 in Axes
  2312 | D:3      | Reached skill level 5 in Fighting
  2534 | D:3      | Reached XP level 6. HP: 48/56 MP: 5/5
  2706 | D:3      | Noticed Robin
  2716 | D:3      | Killed Robin
  2940 | D:3      | Noticed Natasha
  2945 | D:3      | Killed Natasha
  3008 | D:3      | Slain by an orc wizard

Illustrated notes

Levels and vault maps discovered:
D:1:      heliophobic_arrival_enchanted_forest, layout_loops_ring
D:2:      cheibrodos_fertilizer, layout_rooms, minmay_misc_feat_ornament
D:3:      layout_loops_corners, uniq_robin, uniq_natasha

Skill      XL: |  1  2  3  4  5 |
---------------+----------------+-----
Axes           | 4 5 6 |  6.7
Armour         | 1 2 3 |  3.6
Fighting       | 4 5 |  5.3
Dodging        | |  3.2
Stealth        | |  1.5

Action                   |  1- 3 |  4- 6 || total
-------------------------+-------+-------++-------
Melee: Hand axe          |    91 |   145 ||   236
       Headbutt          |    10 |    22 ||    32
 Stab: Sleeping          |     6 |     3 ||     9
Armor: Robe              |    11 |       ||    11
       Leather armour    |     3 |    27 ||    30
       Ring mail         |       |    14 ||    14
Dodge: Dodged            |    51 |   103 ||   154

Table legend: (Time is in decaauts)
 A = Elapsed time spent in this place.
 B = Non-inter-level travel time spent in this place.
 C = Inter-level travel time spent in this place.
 D = Time resting spent in this place.
 E = Time spent auto-exploring this place.
 F = Levels seen in this place.
 G = Mean time per level.
                   A        B        C        D        E       F      G
               +--------+--------+--------+--------+--------+-----+--------+
         Total |   3016 |   2933 |     83 |      0 |   2333 |   3 | 1005.3 |
       Dungeon |   3016 |   2933 |     83 |      0 |   2333 |   3 | 1005.3 |
               +--------+--------+--------+--------+--------+-----+--------+

Top non-repeatable levels by time:
     D:1: 1260 daAuts
     D:2: 1005 daAuts
     D:3: 750 daAuts
